 Dungeon Crawl Stone Soup version 0.31-a0-214-gb37851dbb3 (webtiles) character file.

Game seed: 10145255805512037387

96 holysushi the Insei (level 4, 34/34 HPs)
             Began as a Djinni Transmuter on July 1, 2023.
             Was an Initiate of Ashenzari.
             Quit the game on level 2 of the Dungeon.
             The game lasted 00:04:54 (2330 turns).

holysushi the Insei (Djinni Transmuter)             Turns: 2330, Time: 00:04:55

Health: 34/34      AC:  2    Str:  9    XL:     4   Next: 98%
Gold:   111        EV: 13    Int: 14    God:    Ashenzari [......] SH:  5 Dex: 16

rFire   + +          .
                       - Unarmed
rCold   x . .        (no shield)
rNeg    . . .        a - +0 robe of the Celestial Omen {Melee, Self} (curse)
rPois   ∞            (no helmet)
rElec   .            (no cloak)
rCorr   .            (no gloves)
SInv    .            (boots unavailable)
Will    .....        d - amulet of reflection
Stlth   +            (no ring)
HPRegen 0.25/turn    (no ring)
MPRegen 0.00/turn

%: reflection
@: flying
A: sickness immunity, fire resistance 2, cold vulnerability 1, float, innate
caster, HP casting, extra vitality 1
a: Renounce Religion, Curse Item, Shatter the Chains


You were on level 2 of the Dungeon.
You worshipped Ashenzari.
Ashenzari was noncommittal.
You visited 1 branch of the dungeon, and saw 3 of its levels.

You collected 111 gold pieces.

Inventory:

Armour
 a - the cursed +0 robe of the Celestial Omen (worn) {Melee, Self}

   It has a curse which improves the following skills: Melee Combat: Short
   Blades, Long Blades, Axes, Maces & Flails, Polearms, Staves and Unarmed
   Combat.
   Introspection: Fighting and Spellcasting.
Jewellery
 d - an amulet of reflection (around neck)
Wands
 h - a wand of charming (5)
Scrolls
 f - 3 scrolls of identify {unknown}
 g - a scroll of noise {unknown}
 i - a scroll of immolation {unknown}
 j - a scroll of teleportation {unknown}
 k - a scroll of vulnerability {unknown}
Potions
 b - a potion of lignification
 c - a potion of heal wounds {unknown}
 e - a potion of mutation {unknown}


   Skills:
 + Level 2.1(2.4) Fighting
 + Level 3.1 Dodging
 * Level 4.1(4.5) Unarmed Combat
 + Level 2.5(2.8) Spellcasting
 + Level 2.5 Conjurations
 + Level 2.5 Hexes
 + Level 2.5 Summonings
 + Level 2.5 Necromancy
 + Level 2.5 Translocations
 + Level 2.5 Transmutations
 + Level 2.5 Fire Magic
 + Level 2.5 Ice Magic
 + Level 2.5 Air Magic
 + Level 2.5 Earth Magic
 + Level 2.5 Poison Magic


You knew the following spells:

 Your Spells              Type           Power      Damage    Failure   Level
a - Beastly Appendage     Tmut           18%        N/A       8%          1
b - Wereblood             Tmut           9%         N/A       12%         2
c - Spider Form           Tmut/Pois      9%         N/A       24%         3
d - Ice Form              Ice/Tmut       9%         N/A       61%         4
e - Sandblast             Erth           18%        2d7       8%          1
Your spell library was empty.

Dungeon Overview and Level Annotations

Branches:
Dungeon (3/15) Zot: 15678

Altars:
Ashenzari


Innate Abilities, Weirdness & Mutations

You are immune to sickness and miasma.
You are immune to poison.
Your flesh is very heat resistant. (rF++)
You are vulnerable to cold. (rC-)
You float through the air rather than walking.
You learn spells naturally, not from books.
Your magical power is your life essence.
You have superior vitality. (+4 MHP)


Message History

Done exploring.
Done exploring.
Done exploring.
Done exploring.
(D) Dungeon
Where to? (Enter - D:3, ? - help)
You see here an adder corpse.
There is a stone staircase leading down here.
You fly downwards.
There is a stone staircase leading up here.
There are monsters nearby!
You fly upwards.
There is a stone staircase leading down here.
You fly downwards.
The orc hits you with a +0 war axe.
There is a stone staircase leading up here.
The orc closely misses you.
You fly upwards.
There is a stone staircase leading down here.
You hit the orc.
The orc is lightly wounded.
The orc hits you but does no damage.
You hit the orc.
The orc is almost dead.
The orc hits you with a +0 war axe.
You hit the orc but do no damage.
The orc is almost dead.
The orc misses you.
You hit the orc.
You kill the orc!
Your Dodging skill increases to level 3!
k - a scroll labelled RUPHUSTR ENUMMO
Things that are here:
a +0 war axe; a +0 leather armour You start resting.
There is a stone staircase leading down here.
You start resting.
HP restored.
Are you sure you want to abandon this character and quit the game? (Confirm with "yes".)
Okay, then.
Are you sure you want to abandon this character and quit the game? (Confirm with "yes".)

#.# #.##.#..............##
##.. #.#
#†##.#.......#.......# #...
#.#####.##.#..............##
##..
#............###.#.##....##
##.
#..................##...##
##
#.##############.####....#
#. #.# #.# ##...## ## #.#
#÷# #...## # #.# #@###..##
#.##############)##..##
#.............##.#....##
#############.##.......## #
#.........####......## ##
#.#########..........# #.
#.# #.##......## ## #.#
#.##.......## ##. #.#
#.##........## ##..


There were no monsters in sight!

Vanquished Creatures
  4 adders (D:2)
  A worm (D:2)
  A dart slug (D:1)
  3 orcs
  2 endoplasms
  2 giant cockroaches
  5 goblins
  2 hobgoblins (D:1)
  3 jackals (D:2)
  3 quokkas (D:1)
  9 ball pythons
  3 bats (D:1)
  4 frilled lizards
  6 kobolds
  7 rats
55 creatures vanquished.

Notes
Turn   | Place    | Note
-------+----------+-------------------------------------------
     0 | D:1      | holysushi the Djinni Transmuter began the quest for the
                  | Orb.
     0 | D:1      | holysushi set off with the following spells memorised:
                  | Beastly Appendage, Wereblood, Spider Form, Ice Form.
     0 | D:1      | Reached XP level 1. HP: 17/17 MP: 0/0
   119 | D:1      | Reached XP level 2. HP: 16/22 MP: 0/0
   431 | D:1      | Reached XP level 3. HP: 27/27 MP: 0/0
   431 | D:1      | Learned a level 1 spell: Sandblast
   438 | D:1      | Found a faded altar of an unknown god.
  1224 | D:1      | Prayed at the altar of an unknown god.
  1224 | D:1      | Became a worshipper of Ashenzari the Shackled
  1229 | D:1      | Identified the cursed +0 robe of the Celestial Omen {Melee,
                  | Self}
  1474 | D:2      | Reached XP level 4. HP: 27/33 MP: 0/0
  1683 | D:2      | Reached skill level 4 in Unarmed Combat
  2330 | D:2      | Quit the game

Illustrated notes

Levels and vault maps discovered:
D:1:      tarquinn_simple_flora_water_f, layout_basic, serial_curves,
          eino_curves_04, eino_curves_01, basic_ecumenical_altar
D:2:      layout_loops_ring, nicolae_figureground_pulse
D:3:      layout_basic, lemuel_coloured_pillars_altar, grunt_decor_one_mirror

Skill      XL: |  1  2  3  4 |
---------------+-------------+-----
Fighting       | 2 |  2.1
Unarmed Combat | 4 |  4.1
Dodging        | 3 |  3.1
Spellcasting   | |  2.5
Conjurations   | |  2.5
Hexes          | |  2.5
Summonings     | |  2.5
Necromancy     | |  2.5
Translocations | |  2.5
Transmutations | |  2.5
Fire Magic     | |  2.5
Ice Magic      | |  2.5
Air Magic      | |  2.5
Earth Magic    | |  2.5
Poison Magic   | |  2.5

Action                     |  1- 3 |  4- 6 || total
---------------------------+-------+-------++-------
  Melee: Unarmed           |   100 |    69 ||   169
         Headbutt          |    12 |     6 ||    18
         Punch             |     4 |     1 ||     5
   Cast: Beastly Appendage |    17 |    10 ||    27
         Spider Form       |     1 |       ||     1
         Wereblood         |       |     3 ||     3
 Invoke: Curse Item        |     1 |       ||     1
Ability: End Transformatio |     1 |       ||     1
 Armour: Robe              |    11 |     9 ||    20
  Dodge: Dodged            |    59 |    39 ||    98
  Block: Other             |    13 |    16 ||    29

Table legend: (Time is in decaauts)
 A = Elapsed time spent in this place.
 B = Non-inter-level travel time spent in this place.
 C = Inter-level travel time spent in this place.
 D = Time resting spent in this place.
 E = Time spent auto-exploring this place.
 F = Levels seen in this place.
 G = Mean time per level.
                   A        B        C        D        E       F      G
               +--------+--------+--------+--------+--------+-----+--------+
         Total |   2321 |   2262 |     59 |    273 |   1491 |   3 |  773.7 |
       Dungeon |   2321 |   2262 |     59 |    273 |   1491 |   3 |  773.7 |
               +--------+--------+--------+--------+--------+-----+--------+

Top non-repeatable levels by time:
     D:1: 1281 daAuts
     D:2: 895 daAuts
     D:3: 144 daAuts
